 Dungeon Crawl Stone Soup version 0.21.1-1-g345015f (webtiles) character file.

48 wotfoxis the Grave Robber (level 3, 0/24 HPs)
             Began as a Vampire Necromancer on Feb 19, 2018.
             Succumbed to an adder's poison
             ... on level 3 of the Dungeon.
             The game lasted 00:06:39 (1039 turns).

wotfoxis the Grave Robber (Vampire Necromancer)     Turns: 1039, Time: 00:06:40

Health: 0/24       AC:  3    Str: 12    XL:     3   Next: 50%
Magic:  6/6        EV: 13    Int: 18    God:
Gold:   78         SH:  0    Dex: 14    Spells: 5/7 levels left

rFire    . . .     SeeInvis +   d - +0 short sword
rCold    + . .     Gourm    .   (no shield)
rNeg     + + .     Faith    .   a - +0 robe
rPois    +         Spirit   .   (no helmet)
rElec    .         Reflect  .   (no cloak)
rCorr    .         Harm     .   (no gloves)
MR       .....                  m - +0 pair of boots
Stlth    +++.......             (no amulet)
HPRegen  0.04/turn              o - ring of poison resistance
MPRegen  0.10/turn              (no ring)

@: mighty, lethally poisoned (0 -> -6), regenerating slowly
A: fangs 3, see invisible, unbreathing
a: Bat Form


You were on level 3 of the Dungeon.
You were thirsty.

You visited 1 branch of the dungeon, and saw 3 of its levels.

You collected 78 gold pieces.

Inventory:

Hand Weapons
 d - a +0 short sword (weapon)
Armour
 a - a +0 robe (worn)
 m - a +0 pair of boots (worn)
Jewellery
 o - a ring of poison resistance (left hand)
Scrolls
 e - a scroll of teleportation {unknown}
 f - a scroll of fog {unknown}
 g - a scroll of random uselessness {unknown}
 i - 3 scrolls of immolation {unknown}
 j - 2 scrolls of identify {unknown}
 k - a scroll of amnesia {unknown}
 n - a scroll of enchant armour {unknown}
Potions
 c - 7 potions of blood
 h - a potion of heal wounds {unknown}
 l - a potion of might
 p - a potion of lignification {unknown}
Books
 b - a book of Necromancy

   Spells                             Type                      Level
   a - Pain                           Necromancy                   1
   b - Animate Skeleton               Necromancy                   1
   c - Vampiric Draining              Necromancy                   3
   d - Regeneration                   Charms/Necromancy            3
   e - Animate Dead                   Necromancy                   4
   f - Borgnjor's Vile Clutch         Necromancy/Earth             5


   Skills:
 + Level 2.5 Dodging
 + Level 3.3 Stealth
 + Level 2.6 Spellcasting
 + Level 5.1 Necromancy


You had 5 spell levels left.
You knew the following spells:

 Your Spells              Type           Power        Failure   Level  Hunger
a - Pain                  Necr           ###.         1%          1    #......
b - Animate Skeleton      Necr           N/A          1%          1    #......


Dungeon Overview and Level Annotations

Branches:
Dungeon (3/15)

Altars:
Ashenzari
Cheibriados
Uskayaw

Annotations:
D:2 2 transporters


Innate Abilities, Weirdness & Mutations

You heal slowly.
You have razor-sharp teeth.
You have supernaturally acute eyesight. (SInv)
You can survive without breathing.


Message History

You are poisoned.
The adder poisons you!
You feel sick.
You feel sick. The adder bites you but does no damage. The adder bites you.
* * * LOW HITPOINT WARNING * * *
* * * LOW HITPOINT WARNING * * *
You feel sick.
There is a stone staircase leading down here.
The adder bites you.
* * * LOW HITPOINT WARNING * * *
You climb downwards.
Found 14 gold pieces.
There is a stone staircase leading up here.
It was a potion of might.
You feel very mighty all of a sudden. The adder barely misses you.
The adder misses you.
You puncture the adder!
You kill the adder!
You die...

####
..#
#.#
#@#
#†#
#.#
.$.
#.#
..#
#.#
###


There were no monsters in sight!

Vanquished Creatures
  2 adders
  2 dart slugs (D:1)
  A leopard gecko (D:2)
  A ball python (D:1)
  4 bats
  A giant cockroach (D:2)
  2 goblins
  2 hobgoblins
  A quokka (D:2)
  2 frilled lizards (D:1)
  5 kobolds
  4 rats
27 creatures vanquished.

Notes
Turn   | Place    | Note
-------+----------+-------------------------------------------
     0 | D:1      | wotfoxis the Vampire Necromancer began the quest for the Orb.
     0 | D:1      | Reached XP level 1. HP: 13/13 MP: 3/3
   231 | D:1      | Reached XP level 2. HP: 10/19 MP: 5/5
   741 | D:2      | Learned a level 1 spell: Animate Skeleton
   743 | D:2      | Found a snail-covered altar of Cheibriados.
   763 | D:2      | Found a transporter.
   766 | D:2      | Noticed a hippogriff
   767 | D:2      | Found a transporter.
   767 | D:2      | Found a hide-covered altar of Uskayaw.
   776 | D:2      | Noticed a vampire
   885 | D:2      | Found a shattered altar of Ashenzari.
   897 | D:2      | Reached skill level 5 in Necromancy
   897 | D:2      | Reached XP level 3. HP: 17/24 MP: 1/6
  1036 | D:2      | HP: 1/24 [adder (3)]
  1039 | D:3      | Succumbed to an adder's poison

Skill      XL: |  1  2 |
---------------+-------+-----
Necromancy     | 5 |  5.1
Dodging        | |  2.5
Stealth        | |  3.3
Spellcasting   | |  2.6

Action                   || total
-------------------------++-------
Melee: Short sword       ||    18
       Bite              ||     2
 Cast: Pain              ||    37
       Animate Skeleton  ||     1
  Use: Potion            ||     1
 Stab: Sleeping          ||     3
Armor: Robe              ||    10
Dodge: Dodged            ||    38
